 Dungeon Sprint DCSS version bcrawl-1.15.1 (webtiles) character file.

Game seed: 12445256955990858269

263 FMitz the Fighter (level 6, -2/48 HPs)
             Began as a Gargoyle Chaos Knight on Sept 25, 2019.
             Was a Plaything of Xom.
             Splashed by a jelly's acid (9 damage)
             ... in the Dungeon (Sprint I: "Red Sonja").
             The game lasted 00:01:43 (110 turns).

FMitz the Fighter (Gargoyle Chaos Knight)            Turns: 110, Time: 00:01:44

Health: -2/48      AC:  5    Str: 16    XL:     6   Next: 19%
Magic:  6/6        EV: 13    Int: 12    God:    Xom [.....*]
Gold:   162        SH:  0    Dex: 11    Spells: 5/5 levels left

rFire    . . .     SeeInvis .   a - +0 mace (chaos)
rCold    . . .     Gourm    .   (no shield)
rNeg     + . .     Faith    .   b - +2 leather armour
rPois    ∞         Spirit   .   (no helmet)
rElec    +         Reflect  .   (no cloak)
rCorr    .         Harm     .   (no gloves)
MR       .....     NoTele   +   (no boots)
Stlth    +.........             (no amulet)
HPRegen  0.16/turn              (no ring)
MPRegen  0.10/turn              (no ring)

@: corroded
A: negative energy resistance 1, electricity resistance, unbreathing,
petrification resistance, rot immunity, AC +4
a: Renounce Religion


You were in the Dungeon.
You worshipped Xom.
You were Xom's teddy bear.
You were not hungry.

You visited 1 branch You collected 162 gold pieces.

Inventory:

Hand Weapons
 a - a +0 mace of chaos (weapon)
Armour
 b - a +2 leather armour (worn)
Wands
 j - a wand of polymorph (7)
Scrolls
 i - a scroll of blinking
Potions
 d - a potion of curing
 f - a potion of haste
 g - 2 potions of magic
 h - a potion of berserk rage
Comestibles
 c - a ration {!d}


   Skills:
 * Level 10.0 Fighting
 + Level 7.3 Maces & Flails
 - Level 3.0 Armour
 + Level 4.5 Dodging


You had 5 spell levels left.
You didn't know any spells.
Your spell library was empty.

Dungeon Overview and Level Annotations

Branches:
Dungeon (1/1)

Altars:
Sif Muna
Vehumet
Wu Jian


Innate Abilities, Weirdness & Mutations

You are resistant to torment.
Your stone body is resilient. (AC +4)
You are immune to poison.
You resist negative energy. (rN+)
You are resistant to electric shocks. (rElec)
You can survive without breathing.
You are immune to petrification.
You are immune to rotting.


Message History

Which direction?
Something is blocking the doorway!
Something hits you but does no damage.
There is an open door here.
Things that are here:
a +0 giant club; an ogre corpse
Items here: ( )) [ † a +0 dagger of electrocution; a +0 hunting sling; 150 sling bullets a +0 leather armour; the goblin corpse of Ijyb Something is blocking the doorway!
You completely miss something. Something hits you.
You are splashed with acid!
* * * LOW HITPOINT WARNING * * *
Something hits you but does no damage.
You hit something but do no damage.
Your hands burn!
* * * LOW HITPOINT WARNING * * *
You are no longer corroded.
Something hits you.
* * * LOW HITPOINT WARNING * * *
The acid corrodes you!
You are splashed with acid!
You die...
Xom guffaws!

################
#<.#.@)..#..'..#
#..'..#..').#..+
#..#####'#####'#
#..# #..# #(#
#..# #### #(#
#..# _.+ #⌠⌠#
.._# #### _.#+#
##+


There were no monsters in sight!

Vanquished Creatures
  Sigmund (D)
  An ogre (D)
  Ijyb (D)
3 creatures vanquished.

Notes
Turn   | Place    | Note
-------+----------+-------------------------------------------
     0 | D        | FMitz the Gargoyle Chaos Knight began the quest for the
                  | Orb.
     0 | D        | Reached XP level 1. HP: 14/14 MP: 1/1
     1 | D        | Noticed Ijyb
     7 | D        | XOM: potion effect (might)
     9 | D        | Killed Ijyb
     9 | D        | Reached skill level 5 in Fighting
     9 | D        | Reached XP level 2. HP: 17/21 MP: 2/2
     9 | D        | Reached XP level 3. HP: 21/26 MP: 3/3
    40 | D        | Noticed an ogre
    40 | D        | XOM: stat loss: -1 Str (19/20)
    44 | D        | Killed an ogre
    44 | D        | Reached skill level 7 in Fighting
    44 | D        | Reached XP level 4. HP: 32/35 MP: 4/4
    48 | D        | Noticed Sigmund
    52 | D        | XOM: mild Summ miscast
    53 | D        | Noticed a spatial vortex
    55 | D        | Killed Sigmund
    55 | D        | Reached skill level 10 in Fighting
    55 | D        | Reached XP level 5. HP: 40/42 MP: 5/5
    55 | D        | Reached XP level 6. HP: 45/48 MP: 6/6
    58 | D        | XOM: scenery: 1 doors open, 1 doors close
    90 | D        | Found a shimmering blue altar of Sif Muna.
    91 | D        | Found an ornate altar of the Wu Jian Council.
    92 | D        | Found a radiant altar of Vehumet.
   110 | D        | Splashed by a jelly's acid

Skill      XL: |  1  2  3  4 |
---------------+-------------+-----
Fighting       | 5 7 10 | 10.0
Maces & Flails | 4 6 7 |  7.3
Armour         | 3 |  3.0
Dodging        | 3 4 |  4.5

Action                   |  1- 3 |  4- 6 || total
-------------------------+-------+-------++-------
Melee: Mace              |     8 |    14 ||    22
       Unarmed           |     1 |       ||     1
  Use: Potion            |       |     1 ||     1
Armor: Leather armour    |     3 |     7 ||    10
       Skin              |     1 |       ||     1
Dodge: Dodged            |     3 |     3 ||     6
